 Dungeon Crawl Stone Soup version 0.18-a0-1293-g5a2c81a (webtiles) character file.

100 ezio133798 the Grave Robber (level 4, -3/30 HPs)
             Began as a Vampire Necromancer on Feb 10, 2016.
             Was an Initiate of Sif Muna.
             Slain by a hobgoblin
             ... wielding a cursed -2 hunting sling
              (4 damage)
             ... on level 3 of the Dungeon.
             The game lasted 00:19:41 (5169 turns).

ezio133798 the Grave Robber (Vampire Necromancer)   Turns: 5169, Time: 00:19:41

Health: -3/30      AC:  2    Str:  7    XL:     4   Next: 46%
Magic:  0/8        EV: 13    Int: 18    God:    Sif Muna [......]
Gold:   101        SH:  0    Dex: 16    Spells: 1 memorised, 8 levels left

rFire  . . .     SeeInvis +     j - +0 dagger
rCold  + + .     Gourm    .     a - +0 robe
rNeg   + + +     Faith    .     (no shield)
rPois  ∞         Spirit   .     (no helmet)
rElec  .         Dismiss  .     (no cloak)
rCorr  .         Reflect  .     (no gloves)
SustAt .         Harm     .     (no boots)
MR     .....                    (no amulet)
Stlth  +++.......               (no ring)
                                m - +2 ring of dexterity

@: bloodless, non-regenerating, not resistant to hostile enchantments, fairly
stealthy
A: fangs 3, see invisible, unbreathing
a: Bat Form, Renounce Religion


You were on level 3 of the Dungeon.
You worshipped Sif Muna.
Sif Muna was noncommittal.
You were bloodless.

You visited 1 branch of the dungeon, and saw 3 of its levels.

You collected 101 gold pieces.

Inventory:

Hand Weapons
 j - a +0 dagger (weapon)
Armour
 a - a +0 robe (worn)
 n - a +0 robe
 p - a +0 chain mail
Jewellery
 m - a +2 ring of dexterity (left hand)
Wands
 r - a wand of flame (27/48)
Scrolls
 e - a scroll of identify {unknown}
 i - a scroll of amnesia {unknown}
 o - a scroll of recharging {unknown}
Potions
 d - 2 potions of curing {unknown}
 f - a potion of haste {unknown}
 g - a potion of lignification {unknown}
 l - a potion of flight {unknown}
 q - a potion of might {unknown}
Books
 b - a book of Necromancy

   Spells                             Type                      Level
   a - Pain                           Necromancy                   1
   b - Animate Skeleton               Necromancy                   1
   c - Vampiric Draining              Necromancy                   3
   d - Regeneration                   Charms/Necromancy            3
   e - Animate Dead                   Necromancy                   4
   f - Control Undead                 Necromancy                   4
Comestibles
 c - a beef jerky
 h - a meat ration
 k - 3 slices of pizza


   Skills:
 + Level 2.5 Dodging
 + Level 3.6 Stealth
 + Level 3.1 Spellcasting
 + Level 5.4 Necromancy


You had 8 spell levels left.
You knew the following spells:

 Your Spells              Type           Power        Failure   Level  Hunger
a - Pain                  Necr           ###.         1%          1    None


Dungeon Overview and Level Annotations

Branches:
Dungeon (3/15)

Altars:
Ashenzari
Dithmenos
Gozag
Ru
Sif Muna


Innate Abilities, Weirdness & Mutations

You do not heal naturally.
You are immune to poison.
You have razor-sharp teeth.
You have supernaturally acute eyesight.
You can survive without breathing.


Message History

Aiming: Pain
Press: ? - help, Shift-Dir - straight line, f/p - goblin
Aim: a goblin, wielding a club (severely wounded, chance to defeat MR: 95%)
The goblin convulses in agony!
You kill the goblin!
A goblin comes into view. It is wielding a club.
The hobgoblin shoots a sling bullet.
The sling bullet barely misses you.
Casting: Pain
Confirm with . or Enter, or press ? or * to list all spells.
Aiming: Pain
Press: ? - help, Shift-Dir - straight line, f - hobgoblin
Aim: a hobgoblin, wielding an enchanted hunting sling (chance to defeat MR: 95%)
The hobgoblin convulses in agony!
The goblin shouts!
You hear a shout! x7
The hobgoblin shoots a sling bullet.
The sling bullet hits you but does no damage.
You hear a shout! x2
A hobgoblin comes into view. It is wielding a club.
The hobgoblin hits you with an enchanted hunting sling.
You die...

###### #....# . #....# ...
########....#########....
......#......#..@.......#
..).((').....'.g.(.g..(.#
...)..#......#......g...#
########.)..#########g...
#...)# ... #.)..# ..
#########)'####################
≈≈≈≈≈≈≈..(..≈≈≈≈≈≈≈≈≈≈≈≈≈≈≈≈≈≈≈
≈≈≈≈≈≈≈≈....≈≈≈≈≈≈≈≈≈≈≈≈≈≈≈≈≈≈≈


You could see 3 hobgoblins and a goblin.

Vanquished Creatures
  2 adders (D:3)
  A worm (D:2)
  3 giant geckos
  An orc (D:3)
  A giant cockroach (D:1)
  21 goblins
  5 hobgoblins
  5 jackals (D:1)
  9 kobolds
  A quokka (D:3)
  6 bats
  6 giant newts
  8 rats
69 creatures vanquished.

Notes
Turn   | Place    | Note
--------------------------------------------------------------
     0 | D:1      | ezio133798 the Vampire Necromancer began the quest for the Orb.
     0 | D:1      | Reached XP level 1. HP: 13/13 MP: 3/3
   187 | D:1      | Reached XP level 2. HP: 17/19 MP: 1/5
  1457 | D:1      | Reached skill level 5 in Necromancy
  1457 | D:1      | Reached XP level 3. HP: 24/24 MP: 4/6
  2641 | D:2      | Found a sacrificial altar of Ru.
  2848 | D:2      | Found a deep blue altar of Sif Muna.
  2856 | D:2      | Became a worshipper of Sif Muna the Loreminder
  3005 | D:2      | Found a sacrificial altar of Ru.
  3009 | D:2      | Found a shattered altar of Ashenzari.
  3016 | D:2      | Found an opulent altar of Gozag.
  3018 | D:2      | Found a shadowy altar of Dithmenos.
  4369 | D:3      | Reached XP level 4. HP: 13/30 MP: 1/8
  5160 | D:3      | HP: 1/30 [goblin/club (4)]
  5169 | D:3      | Slain by a hobgoblin

Vault maps used:
D:1:      dpeg_arrival_simpleton_c
D:2:      minmay_overflow_temple_star_hex, nicolae_ru_the_path_less_chosen
D:3:      minmay_goblin_kobold_castle, hangedman_decor_opposing

Action                   |  1- 3 |  4- 6 || total
-------------------------+-------+-------++-------
Melee: Unarmed           |    10 |       ||    10
       Dagger            |     4 |       ||     4
 Cast: Pain              |    98 |    25 ||   123
  Eat: Corpse            |     7 |       ||     7
